NCAA
MISSISSIPPI STATE BULLDOGS @ RUTGERS SCARLET KNIGHTS
05/01/2026
 
TOP OF THE 1ST
Mississippi State Bulldogs batting - Pitching for Rutgers Scarlet Knights : RHP Ryan Miller
Pitching: RHP Ryan Miller
Batting: RHB Josh Randall 0-0: Called Strike
0-1: Called Strike
0-2: Strikes out swinging
Batting: LHB Marvin Nichols 0-0: Swinging Strike
0-1: Ball
1-1: Ball
2-1: Swinging Strike
2-2: Strikes out swinging
Batting: RHB Eric Thompson 0-0: Called Strike
0-1: Foul Ball, location: 2F
0-2: Ground out 5-3 (Groundball, 5)
Top of the 1st over - 0 run(s), 0 hit(s), 0 error(s), 0 left on base; Mississippi State 0 - Rutgers 0
BOTTOM OF THE 1ST
Rutgers Scarlet Knights batting - Pitching for Mississippi State Bulldogs : RHP Miguel Ramírez
Pitching: RHP Miguel Ramírez
Batting: RHB Ed Keesee 0-0: Ground out 5-3 (Groundball, 56)
Batting: LHB Todd Sexton 0-0: Foul Ball, location: 2F
0-1: Swinging Strike
0-2: Ball
1-2: Fly out, F7 (Flyball, 7LM)
Batting: SHB Woody Stanley 0-0: Ball
1-0: Ball
2-0: Ball
3-0: Base on Balls
Batting: RHB Manuel Reyes 0-0: Ball
1-0: Ball
2-0: Called Strike
2-1: Ball
3-1: Base on Balls
Woody Stanley to second
Batting: SHB Júlio Ayala 0-0: Ball
1-0: Ball
2-0: Foul Ball, location: 2F
2-1: SINGLE (Line Drive, 6D)
Woody Stanley to third
Manuel Reyes to second
Throwing error, E7
Woody Stanley scores
Manuel Reyes to third
Júlio Ayala to second
Batting: RHB Ben White 0-0: Called Strike
0-1: Ball
1-1: Fly out, F6 (Popup, 56D)
Bottom of the 1st over - 1 run(s), 1 hit(s), 1 error(s), 2 left on base; Mississippi State 0 - Rutgers 1
TOP OF THE 2ND
Mississippi State Bulldogs batting - Pitching for Rutgers Scarlet Knights : RHP Ryan Miller
Batting: RHB Larry Beauregard 0-0: Swinging Strike
0-1: Fly out, F9 (Flyball, 9LM)
Batting: LHB Pat Williams 0-0: Ground out 4-3 (Groundball, 4)
Batting: RHB Woody Wright 0-0: Foul Ball, location: 2F
0-1: Called Strike
0-2: Foul Ball, location: 2F
0-2: Foul Ball, location: 2F
0-2: Foul Ball, location: 2F
0-2: DOUBLE (Line Drive, 8RM)
Batting: RHB Jeremy Davis 0-0: Ball
1-0: Called Strike
1-1: Ball
2-1: Ball
3-1: Base on Balls
Batting: LHB Lúcio Gómez 0-0: Fielders Choice at 2nd, U6 (Groundball, 6M)
Top of the 2nd over - 0 run(s), 1 hit(s), 0 error(s), 2 left on base; Mississippi State 0 - Rutgers 1
BOTTOM OF THE 2ND
Rutgers Scarlet Knights batting - Pitching for Mississippi State Bulldogs : RHP Miguel Ramírez
Batting: RHB Martín Campos 0-0: Ball
1-0: Ball
2-0: Called Strike
2-1: Fly out, F4 (Popup, 3L)
Batting: LHB Ismael Rodríguez 0-0: Ball
1-0: Called Strike
1-1: Ball
2-1: Ball
3-1: Fly out, F8 (Flyball, 8RS)
Batting: RHB Bill Shaffer 0-0: Ball
1-0: Foul Ball, location: 2F
1-1: Ball
2-1: Called Strike
2-2: Strikes out swinging
Bottom of the 2nd over - 0 run(s), 0 hit(s), 0 error(s), 0 left on base; Mississippi State 0 - Rutgers 1
TOP OF THE 3RD
Mississippi State Bulldogs batting - Pitching for Rutgers Scarlet Knights : RHP Ryan Miller
Batting: LHB Darren Cook 0-0: Fly out, F7 (Line Drive, 7M)
Batting: RHB Josh Randall 0-0: Called Strike
0-1: Ball
1-1: Ball
2-1: Ball
3-1: Base on Balls
Batting: LHB Marvin Nichols 0-0: Called Strike
0-1: SINGLE (Groundball, 34D)
Josh Randall to second
Runner from 2nd tries for 3rd, OUT!
Batting: RHB Eric Thompson 0-0: Ball
Marvin Nichols steals 2nd base
1-0: Ground out 4-3 (Groundball, 13)
Top of the 3rd over - 0 run(s), 1 hit(s), 0 error(s), 1 left on base; Mississippi State 0 - Rutgers 1
BOTTOM OF THE 3RD
Rutgers Scarlet Knights batting - Pitching for Mississippi State Bulldogs : RHP Miguel Ramírez
Batting: RHB Ed Keesee 0-0: Called Strike
0-1: Fly out, F8 (Flyball, 78M)
Batting: LHB Todd Sexton 0-0: Ball
1-0: Fly out, F7 (Flyball, 7LMF)
Batting: SHB Woody Stanley 0-0: Ball
1-0: Ball
2-0: Foul Ball, location: 2F
2-1: Ball
3-1: Foul Ball, location: 2F
3-2: Fly out, F8 (Flyball, 8RM)
Bottom of the 3rd over - 0 run(s), 0 hit(s), 0 error(s), 0 left on base; Mississippi State 0 - Rutgers 1
TOP OF THE 4TH
Mississippi State Bulldogs batting - Pitching for Rutgers Scarlet Knights : RHP Ryan Miller
Batting: RHB Larry Beauregard 0-0: Ground out 5-3 (Groundball, 5L)
Batting: LHB Pat Williams 0-0: Ball
1-0: Ground out 1-3 (Groundball, 13S)
Batting: RHB Woody Wright 0-0: Called Strike
0-1: Swinging Strike
0-2: Strikes out swinging
Top of the 4th over - 0 run(s), 0 hit(s), 0 error(s), 0 left on base; Mississippi State 0 - Rutgers 1
BOTTOM OF THE 4TH
Rutgers Scarlet Knights batting - Pitching for Mississippi State Bulldogs : RHP Miguel Ramírez
Batting: RHB Manuel Reyes 0-0: Foul Ball, location: 2F
0-1: Ground out 6-3 (Groundball, 6M)
Batting: SHB Júlio Ayala 0-0: Called Strike
0-1: SINGLE (Line Drive, 89S)
Batting: RHB Ben White 0-0: Ball
Júlio Ayala steals 2nd base
1-0: Ball
2-0: DOUBLE (Flyball, 8RM)
Júlio Ayala scores
Pinch Runner at 2nd Joe Roberts:
Batting: RHB Martín Campos 0-0: Foul Ball, location: 2F
0-1: Foul Ball, location: 2F
0-2: Ball
1-2: Ball
2-2: Foul Ball, location: 2F
2-2: Foul Ball, location: 2F
2-2: Fly out, F8 (Flyball, 8LM)
Batting: LHB Ismael Rodríguez 0-0: Called Strike
0-1: Swinging Strike
0-2: Foul Ball, location: 2F
0-2: Ball
1-2: DOUBLE (Line Drive, 9LS)
Joe Roberts scores
Batting: RHB Bill Shaffer 0-0: Ball
1-0: Ball
2-0: Called Strike
2-1: Foul Ball, location: 2F
2-2: Ball
3-2: Base on Balls
Batting: RHB Ed Keesee 0-0: Ball
1-0: Foul Ball, location: 2F
1-1: Reached on error, E3 (Groundball, 34)
Ismael Rodríguez scores
Bill Shaffer to third
Batting: LHB Todd Sexton 0-0: Swinging Strike
0-1: Called Strike
0-2: Ball
1-2: Fly out, F3 (Popup, 34S)
Bottom of the 4th over - 3 run(s), 3 hit(s), 1 error(s), 2 left on base; Mississippi State 0 - Rutgers 4
TOP OF THE 5TH
Mississippi State Bulldogs batting - Pitching for Rutgers Scarlet Knights : RHP Ryan Miller
Now at C: Joe Roberts
Batting: RHB Jeremy Davis 0-0: Ball
1-0: Called Strike
1-1: Ball
2-1: Called Strike
2-2: Fly out, F9 (Flyball, 89D)
Batting: LHB Lúcio Gómez 0-0: Called Strike
0-1: Ball
1-1: Ball
2-1: Swinging Strike
2-2: Hit by Pitch
Pinch Runner at 1st Jack Crawford:
Batting: LHB Darren Cook 0-0: Ball
1-0: Called Strike
1-1: SINGLE (Line Drive, 4MD)
Jack Crawford to second
Batting: RHB Josh Randall 0-0: Called Strike
0-1: Fly out, F8 (Flyball, 8RM)
Batting: LHB Marvin Nichols 0-0: Ball
1-0: Foul Ball, location: 2F
1-1: Ball
2-1: SINGLE (Groundball, 5D)
Jack Crawford to third
Darren Cook to second
Runner from 3rd tries for Home, SAFE, no throw or cutoff
Batting: RHB Eric Thompson 0-0: Called Strike
0-1: Foul Ball, location: 2F
0-2: Foul Ball, location: 2F
0-2: Fly out, F4 (Popup, 34D)
Top of the 5th over - 1 run(s), 2 hit(s), 0 error(s), 2 left on base; Mississippi State 1 - Rutgers 4
BOTTOM OF THE 5TH
Rutgers Scarlet Knights batting - Pitching for Mississippi State Bulldogs : RHP Miguel Ramírez
Now at 1B: Jack Crawford
Batting: SHB Woody Stanley 0-0: Ball
1-0: Ball
2-0: Ball
3-0: Foul Ball, location: 2F
3-1: Base on Balls
Pitching: RHP Brian Harvey
Batting: RHB Manuel Reyes 0-0: Ball
1-0: Swinging Strike
1-1: Foul Ball, location: 2F
1-2: Ball
2-2: Strikes out swinging
Batting: SHB Júlio Ayala 0-0: Ball
Woody Stanley is caught stealing 2nd base
1-0: Foul Ball, location: 2F
1-1: Ball
2-1: Foul Ball, location: 2F
2-2: Foul Ball, location: 2F
2-2: Strikes out swinging
Bottom of the 5th over - 0 run(s), 0 hit(s), 0 error(s), 0 left on base; Mississippi State 1 - Rutgers 4
TOP OF THE 6TH
Mississippi State Bulldogs batting - Pitching for Rutgers Scarlet Knights : RHP Ryan Miller
Batting: RHB Larry Beauregard 0-0: Swinging Strike
0-1: Ball
1-1: Swinging Strike
1-2: Strikes out swinging
Batting: LHB Pat Williams 0-0: Ball
1-0: Ball
2-0: Ball
3-0: Base on Balls
Batting: RHB Woody Wright 0-0: SINGLE (Groundball, 34)
Pat Williams to second
Runner from 2nd tries for 3rd, SAFE, throw made to third
Pinch Runner at 3rd Alfonso Romero:
Batting: RHB Jeremy Davis 0-0: Foul Ball, location: 2F
0-1: Called Strike
0-2: Ball
1-2: Foul Ball, location: 2F
1-2: Strikes out looking
Batting: LHB Jack Crawford 0-0: Called Strike
0-1: Swinging Strike
0-2: Strikes out swinging
Top of the 6th over - 0 run(s), 1 hit(s), 0 error(s), 2 left on base; Mississippi State 1 - Rutgers 4
BOTTOM OF THE 6TH
Rutgers Scarlet Knights batting - Pitching for Mississippi State Bulldogs : RHP Brian Harvey
Now in LF: Alfonso Romero
Batting: RHB Joe Roberts 0-0: DOUBLE (Groundball, 5L)
Batting: RHB Martín Campos 0-0: Ball
1-0: Ball
2-0: Fly out, F9 (Flyball, 9S)
Batting: LHB Ismael Rodríguez 0-0: Intentional Walk
Batting: RHB Bill Shaffer 0-0: SINGLE (Line Drive, 4MD)
Joe Roberts to third
Ismael Rodríguez to second
Batting: RHB Ed Keesee 0-0: Ball
1-0: Swinging Strike
1-1: Swinging Strike
1-2: Hit by Pitch
Joe Roberts scores
Ismael Rodríguez to third
Bill Shaffer to second
Batting: LHB Todd Sexton 0-0: Ball
1-0: Grounds into fielders choice 1-2 (Groundball, 25)
Bill Shaffer to third
Ed Keesee to second
Batting: SHB Woody Stanley 0-0: Ground out 4-3 (Groundball, 4MS)
Bottom of the 6th over - 1 run(s), 2 hit(s), 0 error(s), 3 left on base; Mississippi State 1 - Rutgers 5
TOP OF THE 7TH
Mississippi State Bulldogs batting - Pitching for Rutgers Scarlet Knights : RHP Ryan Miller
Pitching: RHP Brian Veeck
Batting: LHB Darren Cook 0-0: Called Strike
0-1: Ball
1-1: Ball
2-1: Called Strike
2-2: Foul Ball, location: 2F
2-2: Ball
3-2: Base on Balls
Batting: RHB Josh Randall 0-0: Ball
1-0: Ball
2-0: Called Strike
2-1: Foul Ball, location: 2F
2-2: Ball
3-2: Base on Balls
Darren Cook to second
Batting: LHB Marvin Nichols 0-0: Ball
1-0: Ball
2-0: Ball
3-0: Called Strike
3-1: Base on Balls
Darren Cook to third
Josh Randall to second
Batting: RHB Eric Thompson 0-0: Ball
1-0: Foul Ball, location: 2F
1-1: Ball
2-1: SINGLE (Line Drive, 34D)
Darren Cook scores
Josh Randall to third
Marvin Nichols to second
Batting: RHB Larry Beauregard 0-0: Ball
1-0: Ball
2-0: Called Strike
2-1: DOUBLE (Line Drive, 7LM)
Josh Randall scores
Marvin Nichols scores
Eric Thompson to third
Pitching: RHP Billy Corbett
Batting: SHB Alfonso Romero 0-0: Ball
1-0: Ball
2-0: Ball
3-0: Foul Ball, location: 2F
3-1: TRIPLE (Line Drive, 8RM)
Eric Thompson scores
Larry Beauregard scores
Batting: RHB Woody Wright 0-0: Ball
1-0: Swinging Strike
1-1: Ball
2-1: Ball
3-1: Foul Ball, location: 2F
3-2: Base on Balls
Batting: RHB Jeremy Davis 0-0: Called Strike
0-1: Called Strike
0-2: Ball
1-2: Ball
2-2: Strikes out looking
Batting: LHB Jack Crawford 0-0: Swinging Strike
0-1: Ball
1-1: Fielders Choice at 2nd, 3-6 (Groundball, 3)
Alfonso Romero scores
Batting: LHB Darren Cook 0-0: Ground out 3-1 (Groundball, 34S)
Top of the 7th over - 6 run(s), 3 hit(s), 0 error(s), 1 left on base; Mississippi State 7 - Rutgers 5
BOTTOM OF THE 7TH
Rutgers Scarlet Knights batting - Pitching for Mississippi State Bulldogs : RHP Brian Harvey
Pitching: RHP Rick Schneider
Batting: RHB Manuel Reyes 0-0: Foul Ball, location: 2F
0-1: Fly out, F5 (Popup, 15)
Batting: SHB Júlio Ayala 0-0: Hit by Pitch
Batting: RHB Joe Roberts 0-0: Swinging Strike
0-1: Ball
1-1: Ball
2-1: Ball
3-1: Base on Balls
Júlio Ayala to second
Batting: RHB Martín Campos 0-0: Ball
1-0: Ball
2-0: SINGLE (Line Drive, 9S)
Júlio Ayala to third
Joe Roberts to second
Batting: LHB Ismael Rodríguez 0-0: Called Strike
0-1: Called Strike
0-2: Ball
1-2: Ball
2-2: Foul Ball, location: 2F
2-2: Strikes out swinging
Batting: RHB Bill Shaffer 0-0: Called Strike
0-1: Swinging Strike
0-2: Strikes out swinging
Bottom of the 7th over - 0 run(s), 1 hit(s), 0 error(s), 3 left on base; Mississippi State 7 - Rutgers 5
TOP OF THE 8TH
Mississippi State Bulldogs batting - Pitching for Rutgers Scarlet Knights : RHP Billy Corbett
Batting: RHB Josh Randall 0-0: Ball
1-0: Ball
2-0: Ball
3-0: Base on Balls
Batting: LHB Marvin Nichols 0-0: Fielders Choice at 2nd, 3-6 (Groundball, 3)
Batting: RHB Eric Thompson 0-0: Called Strike
0-1: Ball
Wild Pitch!
Marvin Nichols to second
1-1: Intentional Walk
Batting: RHB Larry Beauregard 0-0: Ball
1-0: Foul Ball, location: 2F
1-1: Ball
2-1: Ball
Marvin Nichols steals 3rd base
Eric Thompson to second
3-1: Intentional Walk
Batting: SHB Alfonso Romero 0-0: Ball
1-0: Swinging Strike
1-1: Foul Ball, location: 2F
1-2: Ball
2-2: Fly out, F8 (Flyball, 8RM)
Runner from 3rd tags up, SCORES, no throw
Batting: RHB Woody Wright 0-0: Ball
1-0: Swinging Strike
1-1: Called Strike
1-2: Strikes out looking
Top of the 8th over - 1 run(s), 0 hit(s), 0 error(s), 2 left on base; Mississippi State 8 - Rutgers 5
BOTTOM OF THE 8TH
Rutgers Scarlet Knights batting - Pitching for Mississippi State Bulldogs : RHP Rick Schneider
Batting: RHB Ed Keesee 0-0: Reached on error, E6 (Groundball, 6)
Pitching: RHP Ricardo Cervantes
Batting: LHB Todd Sexton 0-0: Ball
1-0: Ball
2-0: Called Strike
2-1: Ball
3-1: Base on Balls
Pitching: LHP José Rodríguez
Batting: SHB Woody Stanley 0-0: Ball
1-0: Ball
2-0: Ball
3-0: Called Strike
3-1: Base on Balls
Ed Keesee to third
Todd Sexton to second
Pitching: RHP Rubén Romero
Batting: RHB Manuel Reyes 0-0: Ball
1-0: GRAND SLAM HOME RUN (Flyball, 7D), Distance : 363 ft
Batting: SHB Júlio Ayala 0-0: Called Strike
0-1: Called Strike
0-2: Ball
1-2: Fly out, F7 (Flyball, 7M)
Batting: RHB Joe Roberts 0-0: Called Strike
0-1: Ball
1-1: Ball
2-1: Fly out, F7 (Flyball, 78M)
Batting: RHB Martín Campos 0-0: Ball
1-0: Swinging Strike
1-1: Called Strike
1-2: Ball
2-2: Ground out 4-3 (Groundball, 34)
Bottom of the 8th over - 4 run(s), 1 hit(s), 1 error(s), 0 left on base; Mississippi State 8 - Rutgers 9
TOP OF THE 9TH
Mississippi State Bulldogs batting - Pitching for Rutgers Scarlet Knights : RHP Billy Corbett
Pitching: RHP Rafael Zarate
Batting: RHB Jeremy Davis 0-0: Called Strike
0-1: Ball
1-1: Foul Ball, location: 2F
1-2: Strikes out swinging
Batting: LHB Jack Crawford 0-0: Ball
1-0: SINGLE (Line Drive, 89M)
Batting: LHB Darren Cook 0-0: SINGLE (Groundball, 34D)
Jack Crawford to second
Runner from 2nd tries for 3rd, SAFE, no throw or cutoff
Batting: RHB Josh Randall 0-0: Called Strike
0-1: Called Strike
0-2: Foul Ball, location: 2F
0-2: Foul Ball, location: 2F
0-2: Foul Ball, location: 2F
0-2: Ball
1-2: Strikes out swinging
Batting: LHB Marvin Nichols 0-0: Fly out, F9 (Flyball, 9M)
Top of the 9th over - 0 run(s), 2 hit(s), 0 error(s), 2 left on base; Mississippi State 8 - Rutgers 9
Monday, December 5th, 2016 - OOTP Baseball 17.12 Build 75